 Dungeon Crawl Stone Soup version 0.30.0 (webtiles) character file.

Game seed: 14655264970482968106

1377 bmack86 the Chopper (level 8, 0/70 HPs)
             Began as a Minotaur Fighter on May 7, 2023.
             Was a Believer of Okawaru.
             Slain by a gnoll bouda
             ... wielding a +0 club
              (9 damage)
             ... on level 5 of the Dungeon.
             The game lasted 00:08:40 (3345 turns).

bmack86 the Chopper (Minotaur Fighter)              Turns: 3345, Time: 00:08:40

Health: 0/70       AC:  8    Str: 22    XL:     8   Next: 39%
Magic:  8/8        EV:  9    Int:  5    God:    Okawaru [**....]
Gold:   1350       SH:  5    Dex: 11    Spells: 7/7 levels left

rFire   . . .        a - +2 war axe
rCold   + . .        c - +0 buckler
rNeg    . . .        b - +0 scale mail
rPois   .            (helmet restricted)
rElec   .            (no cloak)
rCorr   .            f - +0 pair of gloves
SInv    .            (no boots)
Will    .....        (no amulet) Stlth
                     e - ring of Qaojal {rC+ Slay+4}
HPRegen 0.31/turn    n - ring of flight
MPRegen 0.11/turn

%: no passive effects
@: weakened, flying
A: horns 2, retaliatory headbutt, low MP 1, subdued magic 1
a: Renounce Religion, Heroism


You were on level 5 of the Dungeon.
You worshipped Okawaru.
Okawaru was pleased with you.
You visited 2 branches of the dungeon, and saw 6 of its levels.

You collected 1350 gold pieces.

Inventory:

Hand Weapons
 a - a +2 war axe (weapon)
Missiles
 g - 4 boomerangs (quivered)
 k - 2 javelins
 p - 5 poisoned darts
Armour
 b - a +0 scale mail (worn)
 c - a +0 buckler (worn)
 f - a +0 pair of gloves (worn)
Jewellery
 e - the ring of Qaojal (left hand) {rC+ Slay+4}
   (You acquired it on level 1 of the Dungeon)

   [ring of slaying]

   Slay:      It affects your accuracy & damage with ranged weapons and melee
   (+4).
   rC:        It protects you from cold.
 n - a ring of flight (right hand)
Wands
 q - a wand of flame (28)
Scrolls
 l - a scroll of teleportation
 r - a scroll of fog
Potions
 d - 2 potions of might
 h - a potion of flight
 i - 2 potions of heal wounds
 j - a potion of brilliance
 m - 4 potions of curing
 o - a potion of haste
 s - a potion of cancellation {unknown}


   Skills:
 + Level 6.0 Fighting
 * Level 7.2 Axes
 + Level 3.5 Throwing
 + Level 5.9 Armour
 + Level 6.0 Shields
 + Level 3.1 Invocations


You had 7 spell levels left.
You didn't know any spells.
Your spell library was empty.

Dungeon Overview and Level Annotations

Branches:
Dungeon (5/15)             Temple (1/1) D:4

Altars:
Ashenzari
Cheibriados
Fedhas
Gozag
Hepliaklqana
Okawaru
Sif Muna
Trog
Uskayaw
Vehumet
Yredelemnul

Shops:
D:3 (


Innate Abilities, Weirdness & Mutations

You have a pair of horns on your head.
You reflexively headbutt those who attack you in melee.
Your magical capacity is low. (-10% MP)
Your spells are a little easier to cast, but a little less powerful.


Message History

The gnoll bouda gazes fiercely through you!
You feel your attacks grow feeble. The gnoll bouda barely misses you.
You block the iguana's attack.
The gnoll hits you from afar with a +0 halberd!
You slash the iguana!
You kill the iguana!
Okawaru accepts your kill.
You hit the gnoll bouda. The gnoll bouda closely misses you.
The gnoll hits you from afar with a +0 halberd.
You block the gnoll bouda's attack.
Your Shields skill increases to level 6!
You hit the gnoll. You headbutt the gnoll.
You kill the gnoll!
Okawaru accepts your kill.
You slash the gnoll bouda! You block the gnoll's attack.
The gnoll bouda mumbles some strange prayers to its god.
The gnoll bouda is healed somewhat.
The gnoll misses you. The gnoll bouda closely misses you.
Things that are here:
a +0 club; a gnoll corpse You barely miss the gnoll bouda.
The gnoll bouda is severely wounded.
You block the gnoll's attack.
The gnoll bouda hits you with a +0 club.
You barely miss the gnoll bouda.
The gnoll bouda is severely wounded.
Your attacks no longer feel as feeble.
The gnoll hits you from afar with a +0 halberd!
* * * LOW HITPOINT WARNING * * *
The gnoll hits you with a +0 halberd.
* * * LOW HITPOINT WARNING * * *
The gnoll bouda gazes fiercely through you!
You feel your attacks grow feeble. The gnoll bouda closely misses you.
You barely miss the gnoll. Your headbutt misses the gnoll.
You hit the gnoll bouda but do no damage.
The gnoll hits you with a +0 halberd!
* * * LOW HITPOINT WARNING * * *
The gnoll bouda hits you with a +0 club!
You die...

.......<........ #.
................
#####.##........†).....#
......#...........>....#
.......(.......##..#####
.....[.........##.##
..................#
.......g.......####
.......@.......#
......g)).)..).#
..............##
.........$...##
.....##.....## #####
#######


You could see a gnoll bouda and a gnoll (swift).

Vanquished Creatures
  4 yaks (D:5)
  An ogre (D:4)
  5 wights (D:5)
  2 hounds (D:4)
  3 iguanas
  Natasha (thrice) (D:2)
  A sleepcap (D:5)
  Robin (D:2)
  7 adders
  7 gnolls
  2 dart slugs
  2 worms
  2 orcs
  3 bats (D:1)
  5 endoplasms
  2 giant cockroaches
  14 goblins
  11 hobgoblins
  6 quokkas
  4 ball pythons
  3 frilled lizards
  5 rats
93 creatures vanquished.

Vanquished Creatures (others)
  A plant (D:4)
1 creature vanquished.

Grand Total: 94 creatures vanquished

Notes
Turn   | Place    | Note
-------+----------+-------------------------------------------
     0 | D:1      | bmack86 the Minotaur Fighter began the quest for the Orb.
     0 | D:1      | Reached XP level 1. HP: 19/19 MP: 0/0
   132 | D:1      | Found a faded altar of an unknown god.
   143 | D:1      | Reached XP level 2. HP: 27/27 MP: 1/1
   167 | D:1      | Identified a scroll of acquirement
   167 | D:1      | Acquired the ring of Qaojal {rC+ Slay+4}
   212 | D:1      | Reached skill level 3 in Axes
   533 | D:1      | Acquired 1065 gold pieces
   842 | D:2      | Noticed Natasha
   848 | D:2      | Killed Natasha
   849 | D:2      | Reached XP level 3. HP: 28/33 MP: 2/2
   877 | D:2      | Noticed Natasha
   883 | D:2      | Killed Natasha
   884 | D:2      | Reached XP level 4. HP: 40/40 MP: 3/3
   907 | D:2      | Reached skill level 1 in Throwing
  1005 | D:2      | Noticed Robin
  1005 | D:2      | Noticed Natasha
  1015 | D:2      | Killed Robin
  1016 | D:2      | Reached skill level 4 in Axes
  1020 | D:2      | Killed Natasha
  1320 | D:2      | Reached XP level 5. HP: 47/47 MP: 4/4
  1547 | D:3      | Found an iron altar of Okawaru.
  1552 | D:3      | Became a worshipper of Warmaster Okawaru
  1636 | D:3      | Gained mutation: Your spells are a little easier to cast,
                  | but a little less powerful. [potion of mutation]
  1636 | D:3      | Gained mutation: Your magical capacity is low. (-10% MP)
                  | [potion of mutation]
  1695 | D:3      | Found Xeshrocs's Antique Weapon Shoppe.
  1975 | D:3      | Found an opulent altar of Gozag.
  2120 | D:4      | Found a blossoming altar of Fedhas.
  2175 | D:4      | Found a staircase to the Ecumenical Temple.
  2179 | D:4      | Noticed an ogre
  2185 | D:4      | Killed an ogre
  2186 | D:4      | Reached skill level 5 in Axes
  2186 | D:4      | Reached skill level 1 in Invocations
  2186 | D:4      | Reached XP level 6. HP: 25/55 MP: 5/5
  2194 | Temple   | Entered the Ecumenical Temple
  2733 | D:4      | Reached * piety under Okawaru
  2945 | D:5      | Entered Level 5 of the Dungeon
  2964 | D:5      | Found a shimmering blue altar of Sif Muna.
  3012 | D:5      | Noticed a yak
  3022 | D:5      | Killed a yak
  3023 | D:5      | Reached skill level 5 in Fighting
  3023 | D:5      | Reached skill level 5 in Armour
  3023 | D:5      | Reached skill level 5 in Shields
  3023 | D:5      | Reached XP level 7. HP: 57/61 MP: 6/6
  3077 | D:5      | Noticed a yak
  3083 | D:5      | Noticed a yak
  3084 | D:5      | Noticed a yak
  3088 | D:5      | Killed a yak
  3089 | D:5      | Reached skill level 6 in Axes
  3094 | D:5      | Killed a yak
  3094 | D:5      | Reached ** piety under Okawaru
  3099 | D:5      | Killed a yak
  3100 | D:5      | Reached XP level 8. HP: 48/70 MP: 6/7
  3119 | D:5      | Reached skill level 7 in Axes
  3345 | D:5      | Slain by a gnoll bouda

Illustrated notes

Levels and vault maps discovered:
D:1:      dpeg_arrival_round_a, layout_loops_ring, basic_ecumenical_altar,
          serial_bayou_ford_a, minmay_tall_x
D:2:      layout_loops_ring, minivault_24, uniq_natasha, uniq_robin
D:3:      layout_rooms, mainiacjoe_overflow_big_doors, serial_shops,
          nicolae_shop_back_alley_shop
D:4:      layout_loops_ring, fedhas_altar_3, minmay_temple_entry_large_hall
D:5:      layout_rooms, nicolae_sif_muna_little_library,
          nicolae_overflow_hidden_temple, overflow_temple_1_default
Temple:   nicolae_temple_superstar

Skill      XL: |  1  2  3  4  5  6  7  8 |
---------------+-------------------------+-----
Axes           | 3 4 5 6 7 |  7.2
Fighting       | 4 5 6 |  6.0
Armour         | 4 5 |  5.9
Shields        | 4 5 6 |  6.0
Throwing       | 1 2 3 |  3.5
Invocations    | 1 2 3 |  3.1

Action                     |  1- 3 |  4- 6 |  7- 9 || total
---------------------------+-------+-------+-------++-------
  Melee: War axe           |    44 |    75 |    52 ||   171
         Headbutt          |     6 |    17 |    14 ||    37
  Throw: Boomerang         |       |     6 |       ||     6
    Use: Scroll            |     7 |     7 |     3 ||    17
         Potion            |       |     1 |       ||     1
 Armour: Scale mail        |    26 |    46 |     7 ||    79
  Dodge: Dodged            |    22 |    50 |    23 ||    95
  Block: Buckler           |    14 |    26 |    15 ||    55
